 Dungeon Crawl Stone Soup version 0.29-a0-371-g91724d5b39 (webtiles) character file.

Game seed: 12332375435112076083

5 happo123 the Vexing (level 1, -1/12 HPs)
             Began as a Kobold Arcane Marksman on May 2, 2022.
             Slain by a jackal (3 damage)
             ... on level 1 of the Dungeon.
             The game lasted 00:02:28 (98 turns).

happo123 the Vexing (Kobold Arcane Marksman)          Turns: 98, Time: 00:02:29

Health: -1/12      AC:  2    Str:  7    XL:     1   Next: 88%
Magic:  2/2        EV: 15    Int: 14    God:
Gold:   6          SH:  0    Dex: 15    Spells: 1/2 levels left

rFire   . . .      SeeInvis .   e - +2 short sword (elec)
rCold   . . .      Faith    .   (no shield)
rNeg    . . .      Spirit   .   b - +0 robe
rPois   .          Reflect  .   (no helmet)
rElec   .          Harm     .   (no cloak)
rCorr   .          Rampage  .   (no gloves)
Will    .....                   (no boots)
Stlth   ++........              (no amulet)
HPRegen 0.04/turn               (no ring)
MPRegen 0.08/turn               (no ring)

@: no status effects
A: small, no large weapons, nightstalker 3
a: no special abilities


You were on level 1 of the Dungeon.
You visited 1 branch of the dungeon, and saw 1 of its levels.

You collected 6 gold pieces.

Inventory:

Hand Weapons
 a - a +0 hand crossbow
 e - a +2 short sword of electrocution (weapon)
Armour
 b - a +0 robe (worn)
Scrolls
 c - a scroll of vulnerability


   Skills:
 + Level 1.2 Fighting
 + Level 2.8 Crossbows
 + Level 2.5 Dodging
 + Level 1.2 Spellcasting
 + Level 3.0 Hexes


You had one spell level left.
You knew the following spells:

 Your Spells              Type           Power      Damage    Failure   Level
a - Slow                  Hex            36%        N/A       8%          1

Your spell library contained the following spells:

 Spells                   Type           Power      Damage    Failure   Level
 Inner Flame              Hex/Fire       5%         N/A       38%         3
 Portal Projectile        Hex/Tloc       10%        N/A       38%         3
 Cause Fear               Hex            4%         N/A       58%         4


Dungeon Overview and Level Annotations

Branches:
Dungeon (1/15)

Altars:


Innate Abilities, Weirdness & Mutations

You are small and have problems with some larger weapons.
You are completely attuned to the shadows.


Message History

The jackal attacks as you move away! The jackal closely misses you.
The goblin attacks as you move away! The goblin misses you.
The goblin attacks as you move away! The goblin barely misses you.
A jackal comes into view.
The jackal closely misses you.
You hear the crackle of electricity.
e - a +2 short sword of electrocution (weapon)
You barely miss the jackal. The jackal bites you. x2
You closely miss the jackal. The jackal closely misses you.
The jackal bites you. The jackal attacks as you move away!
The jackal bites you.
A ball python comes into view.
The jackal attacks as you move away! The jackal barely misses you.
You hit the jackal but do no damage. The jackal closely misses you. x2
The jackal barks!
You hit the jackal.
The jackal is severely wounded.
You hear an angry hiss.
The jackal bites you but does no damage.
You barely miss the jackal.
The jackal is severely wounded.
The jackal barely misses you.
A bat comes into view.
The jackal bites you.
* * * LOW HITPOINT WARNING * * *
There is an open door here.
The jackal bites you.
* * * LOW HITPOINT WARNING * * *
The jackal barely misses you. The jackal attacks as you move away!
The jackal bites you but does no damage.
The jackal attacks as you move away!
The jackal bites you but does no damage.
The jackal attacks as you move away! The jackal misses you.
Found 3 poisoned darts.
The jackal completely misses you.
As you read the scroll labelled IBBOR QAL, it crumbles to dust.
It is a scroll of identify.
You don't have any unidentified items.
The jackal bites you.
You die...

#.#.##..... #.
#.####+#.
#.#+#'####.
#..........
#..........
#....h[....
#.....†....
.####h........
....@.........
........†....#
(........#....
......##.....#
.##..##...#.##
. ##......
#.....##
##...P.#
#####P#...♣.#


You could see 2 jackals.

Vanquished Creatures
  2 hobgoblins (D:1)
  A jackal (D:1)
  A kobold (D:1)
4 creatures vanquished.

Notes
Turn   | Place    | Note
-------+----------+-------------------------------------------
     0 | D:1      | happo123 the Kobold Arcane Marksman began the quest for the
                  | Orb.
     0 | D:1      | Reached XP level 1. HP: 12/12 MP: 2/2
    98 | D:1      | Slain by a jackal

Illustrated notes

Levels and vault maps discovered:
D:1:      denvon_arrival_planthouse, layout_basic, minmay_rat_gold_closets

Action                   || total
-------------------------++-------
Melee: Short sword       ||     5
 Fire: Hand crossbow     ||    14
  Use: Scroll            ||     1
Armor: Robe              ||     4
Dodge: Dodged            ||    16

Table legend: (Time is in decaauts)
 A = Elapsed time spent in this place.
 B = Non-inter-level travel time spent in this place.
 C = Inter-level travel time spent in this place.
 D = Time resting spent in this place.
 E = Time spent auto-exploring this place.
 F = Levels seen in this place.
 G = Mean time per level.
                   A        B        C        D        E       F      G
               +--------+--------+--------+--------+--------+-----+--------+
         Total |    103 |     75 |     28 |      0 |     21 |   1 |  103.0 |
       Dungeon |    103 |     75 |     28 |      0 |     21 |   1 |  103.0 |
               +--------+--------+--------+--------+--------+-----+--------+

Top non-repeatable levels by time:
     D:1: 103 daAuts
